 Dungeon Crawl Stone Soup version 0.19-b1-3-g7dea586 (webtiles) character file.

268 tv1990 the Chopper (level 6, -3/49 HPs)
             Began as a Formicid Monk on Oct 29, 2016.
             Killed by divine providence
             ... invoked by an orc priest
              (11 damage)
             ... on level 6 of the Dungeon.
             The game lasted 00:08:19 (2543 turns).

tv1990 the Chopper (Formicid Monk)                  Turns: 2543, Time: 00:08:19

Health: -3/49      AC: 13    Str: 16    XL:     6   Next: 46%
Magic:  6/6        EV:  6    Int:  9    God:
Gold:   191        SH:  0    Dex: 15    Spells: 0 memorised, 5 levels left

rFire  . . .     SeeInvis +     a - +0 hand axe
rCold  . . .     Gourm    .     m - +0 plate armour
rNeg   . . .     Faith    .     (no shield)
rPois  .         Spirit   .     (helmet unavailable)
rElec  .         Reflect  .     (no cloak)
rCorr  .         Harm     .     i - +1 pair of gloves
MR     .....                    (no boots)
Stlth  ..........               (no amulet)
                                (no ring)
                                (no ring)

@: no status effects
A: permanent stasis, dig shafts and tunnels, four strong arms, antennae 3
a: Dig, Shaft Self


You were on level 6 of the Dungeon.
You were hungry.

You visited 1 branch of the dungeon, and saw 5 of its levels.

You collected 191 gold pieces.

Inventory:

Hand Weapons
 a - a +0 hand axe (weapon)
Armour
 b - a +0 robe
 i - a +1 pair of gloves (worn)
 m - a +0 plate armour (worn)
Scrolls
 h - 3 scrolls of amnesia
 n - 3 scrolls of noise
Potions
 d - 2 potions of brilliance
 e - a potion of magic
 g - 2 potions of haste {unknown}
 k - 2 potions of curing
 p - a potion of invisibility
 q - a potion of flight {unknown}
Comestibles
 c - 2 bread rations
 f - 6 chunks of flesh
 l - a meat ration


   Skills:
 + Level 4.5 Fighting
 * Level 5.3 Axes
 + Level 2.3 Armour
 - Level 3.1 Dodging
 - Level 2.4 Stealth


You had 5 spell levels left.
You didn't know any spells.

Dungeon Overview and Level Annotations

Branches:
Dungeon (4/15)
 Temple: D:4-7

Altars:
Dithmenos
Nemelex Xobeh
Ru

Annotations:
D:4 Menkaure


Innate Abilities, Weirdness & Mutations

You are under a permanent stasis effect.
You can dig through walls and to a lower floor.
Your four strong arms can wield two-handed weapons with a shield.
You have a pair of large antennae on your head. (SInv)


Message History

Your body is wracked with pain!
* * * LOW HITPOINT WARNING * * *
You retract your mandibles.
Are you sure you want to shaft yourself?
You are feeling hungry.
You begin to dig a shaft.
You continue digging a shaft.
Menkaure is no longer moving quickly.
Menkaure calls on the powers of darkness!
Your body is wracked with pain!
* * * LOW HITPOINT WARNING * * *
A shaft appears beneath you!
You fall through a shaft for 2 floors!
The shaft crumbles and collapses.
An orc priest comes into view.
The orc priest shouts!
Found 16 gold pieces.
Okay, then.
The orc priest calls down the wrath of Beogh upon you.
Beogh smites you!
You die...

..... ####.....
# #........
#.#......$.
.#........ #
....... .. #...#
.#.#.##@..##
...........###.#
.#..............
................
.#...#####......
..... ......
.#.. ..... ....
.F.o. .#. ....


You could see a bullfrog (wandering) and an orc priest.

Vanquished Creatures
  An ogre (D:3)
  A bullfrog (D:3)
  6 adders
  3 worms
  2 dart slugs
  A leopard gecko (D:3)
  A ball python (D:1)
  11 bats
  2 giant cockroaches (D:1)
  7 goblins
  6 hobgoblins
  2 jackals (D:1)
  4 frilled lizards
  7 kobolds
  8 rats
62 creatures vanquished.

Notes
Turn   | Place    | Note
-------+----------+-------------------------------------------
     0 | D:1      | tv1990 the Formicid Monk began the quest for the Orb.
     0 | D:1      | Reached XP level 1. HP: 18/18 MP: 1/1
    96 | D:1      | Reached XP level 2. HP: 15/24 MP: 2/2
   343 | D:1      | Reached XP level 3. HP: 24/29 MP: 3/3
   764 | D:2      | Found a faded altar of an unknown god.
   810 | D:2      | Found a sparkling altar of Nemelex Xobeh.
  1375 | D:2      | Reached XP level 4. HP: 33/37 MP: 4/4
  1378 | D:2      | Reached skill level 4 in Axes
  1440 | D:2      | Found a sacrificial altar of Ru.
  1968 | D:3      | Reached skill level 1 in Armour
  2085 | D:3      | Reached XP level 5. HP: 18/42 MP: 5/5
  2215 | D:3      | Noticed a bullfrog
  2226 | D:3      | Killed a bullfrog
  2256 | D:3      | Noticed an ogre
  2266 | D:3      | Killed an ogre
  2266 | D:3      | Reached skill level 5 in Axes
  2266 | D:3      | Reached XP level 6. HP: 39/49 MP: 6/6
  2331 | D:3      | Found a shadowy altar of Dithmenos.
  2515 | D:4      | Noticed Menkaure
  2541 | D:4      | You fall through a shaft for 2 floors!
  2543 | D:6      | Killed from afar by an orc priest

Skill      XL: |  1  2  3  4  5 |
---------------+----------------+-----
Dodging        | 3 |  3.1
Axes           | 4 5 |  5.3
Armour         | 1 2 |  2.3
Fighting       | 4 |  4.5
Stealth        | |  2.4

Action                   |  1- 3 |  4- 6 || total
-------------------------+-------+-------++-------
Melee: Hand axe          |   115 |   153 ||   268
 Abil: Dig               |       |     6 ||     6
       Shaft Self        |       |     1 ||     1
  Use: Scroll            |     5 |     6 ||    11
 Stab: Sleeping          |     9 |       ||     9
  Eat: Chunk             |     2 |     4 ||     6
Armor: Robe              |    27 |     1 ||    28
       Plate armour      |       |   123 ||   123
Dodge: Dodged            |   108 |    43 ||   151

Table legend:
 A = Turns spent in this place as a percentage of turns spent in the entire game.
 B = Non-inter-level travel turns spent in this place as a percentage of non-inter-level travel turns spent in the entire game.
 C = Inter-level travel turns spent in this place as a percentage of turns spent in this place.
 D = Turns resting spent in this place as a percentage of non-inter-level travel turns spent in this place.
 E = Turns spent auto-exploring this place as a percentage of non-inter-level travel turns spent in this place.
 F = Non-inter-level travel turns spent in this place divided by the number of levels of this place that you've seen.
                   A       B       C       D       E      F
               +-------+-------+-------+-------+-------+----------------------
         Total | 100.0 | 100.0 |   0.6 |   1.4 |  18.6 | 139.8
       Dungeon | 100.0 | 100.0 |   0.6 |   1.4 |  18.6 | 139.8
               +-------+-------+-------+-------+-------+----------------------

Table legend:
 A = Kills in this place as a percentage of kills in entire the game.
 B = Kills by you in this place as a percentage of kills by you in the entire game.
 C = Kills by friends in this place as a percentage of kills by friends in the entire game.
 D = Other kills in this place as a percentage of other kills in the entire game.
 E = Experience gained in this place as a percentage of experience gained in the entire game.
 F = Experience gained in this place divided by the number of levels of this place that you have seen.
                   A       B       C       D       E      F
               +-------+-------+-------+-------+-------+----------------------
         Total | 100.0 | 100.0 |  -nan |  -nan | 100.0 |  76.8
       Dungeon | 100.0 | 100.0 |  -nan |  -nan | 100.0 |  76.8
               +-------+-------+-------+-------+-------+----------------------

Vault maps used:
D:1:      elethiomel_arrival_infinity_welcomes_careful_drivers
D:2:      nicolae_ru_the_path_less_chosen, overflow_temple_1_default,
          ecumenical_altar_1
D:3:      grunt_dithmenos_smoke
D:4:      gammafunk_temple_overflow_statue, portal_sewer_entry_e, uniq_menkaure
D:6:      elyvilon_altar_5, uniq_eustachio, uniq_edmund
